Map: Proxima Station LE

Players

Cham

  • Race: Zerg Zerg
  • Spawn Location: 1:00

Probe - Winner!

  • Race: Protoss Protoss
  • Spawn Location: 7:00

Event: WCS Austin 2017

VOD

Have the link to the VOD?

Description

Time

  • Played on: April 29, 2017, 1:56 p.m.
  • Length: 5:48

All games in this series

Show
View Real Time Build Order
Export as new Build Order

Cham Zerg 

Build Orders: Hatch First, Roach Nydus 

Get SALT Encoding   

  12  0:00  Drone  
  13  0:08  Drone  
  14  0:17  Overlord  
  14  0:36  Drone  
  15  0:45  Hatchery  
  15  0:49  Drone  
  15  0:52  Drone  
  16  0:58  Drone  
  16  1:02  Drone  
  18  1:13  Extractor  
  18  1:16  Spawning Pool  
  16  1:19  Drone  
  16  1:22  Drone  
  18  1:34  Drone  
  19  1:43  Drone  
  20  1:56  Drone  
  20  1:58  Drone  
  22  2:02  Queen x2  
  22  2:05  Overlord  
  26  2:08  Zergling x2  
  27  2:18  Drone  
  28  2:23  Overlord  
  28  2:28  Drone  
  29  2:30  Drone  
  29  2:37  Drone  
  31  2:38  Lair, Extractor  
  31  2:42  Roach Warren  
  31  2:44  Zergling x2  
  30  2:50  Zergling x2  
  31  2:54  Queen  
  31  2:57  Drone  
  34  3:04  Drone x2  
  36  3:13  Overlord  
  36  3:15  Drone x2  
  38  3:21  Drone  
  38  3:23  Drone  
  38  3:24  Overlord  
  40  3:28  Drone  
  40  3:33  Drone  
  42  3:38  Nydus Network  
  42  3:39  Roach  
  43  3:43  Roach  
  34  4:09  Queen  
  34  4:14  Nydus Canal  
  36  4:19  Spore Crawler  
  36  4:22  Roach  
  37  4:27  Roach  
  39  4:32  Roach  
  36  4:47  Nydus Canal  
  36  4:50  Roach  
  38  4:53  Queen  
  38  4:58  Roach  
  38  5:11  Roach  
  36  5:22  Roach  
  36  5:24  Roach  
  36  5:25  Roach  
  36  5:27  Roach  
  36  5:28  Roach  
Show
View Real Time Build Order
Export as new Build Order

Probe Protoss - Winner!

Build Orders: 1 Gate Expand, Oracle Opening 

Get SALT Encoding   

  12  0:01  Probe (Chrono Boost)  
  13  0:11  Probe (Chrono Boost)  
  14  0:18  Pylon  
  14  0:22  Probe (Chrono Boost)  
  15  0:36  Probe (Chrono Boost)  
  15  0:38  Gateway  
  16  0:45  Assimilator  
  16  0:49  Probe (Chrono Boost)  
  17  0:59  Probe (Chrono Boost)  
  18  1:11  Probe (Chrono Boost)  
  19  1:22  Nexus  
  19  1:29  Cybernetics Core  
  19  1:33  Probe (Chrono Boost)  
  19  1:39  Assimilator  
  20  1:43  Probe (Chrono Boost)  
  21  1:49  Pylon  
  21  1:55  Probe (Chrono Boost)  
  22  2:06  Probe (Chrono Boost)  
  23  2:16  Stargate  
  23  2:17  Probe (Chrono Boost), Adept  
  26  2:29  Probe (Chrono Boost)  
  27  2:30  Warp Gate  
  27  2:34  Probe (Chrono Boost)  
  28  2:41  Probe (Chrono Boost)  
  28  2:42  Adept  
  29  2:44  Probe (Chrono Boost)  
  32  2:53  Probe (Chrono Boost)  
  32  2:55  Probe (Chrono Boost)  
  32  2:57  Oracle  
  39  3:05  Probe x2 (Chrono Boost)  
  39  3:10  Pylon  
  39  3:16  Probe (Chrono Boost)  
  39  3:17  Probe (Chrono Boost), Adept  
  43  3:26  Probe (Chrono Boost)  
  44  3:28  Pylon  
  44  3:29  Probe (Chrono Boost)  
  45  3:37  Probe (Chrono Boost)  
  47  3:42  Probe (Chrono Boost)  
  47  3:48  Probe (Chrono Boost)  
  48  3:52  Oracle  
  48  3:54  Probe (Chrono Boost)  
  50  3:58  Probe (Chrono Boost)  
  50  4:00  Assimilator  
  49  4:02  Gateway  
  49  4:04  Assimilator  
  49  4:05  Gateway  
  49  4:06  Probe (Chrono Boost)  
  49  4:09  Probe (Chrono Boost)  
  51  4:15  Gateway  
  53  4:17  Mothership Core (Chrono Boost)  
  53  4:19  Gateway  
  53  4:24  Pylon  
  53  4:35  Stalker  
  47  4:45  Probe (Chrono Boost)  
  47  4:46  Probe (Chrono Boost), Oracle  
  50  4:56  Probe x2 (Chrono Boost)  
  52  5:05  Adept x2  
  52  5:06  Probe (Chrono Boost)  
  52  5:07  Probe (Chrono Boost)  
  54  5:15  Stalker x2  
  54  5:18  Probe (Chrono Boost)  
  52  5:23  Probe (Chrono Boost)  
  50  5:31  Probe (Chrono Boost), Stalker x2  
  50  5:34  Adept  
  53  5:38  Probe (Chrono Boost)  
  54  5:42  Pylon  
Tags
 
Add a new tag
Caveats
  • Supply blocks, unpowered buildings, or Contaminate may cause inaccurate times.
  • Supply counts are checked every 10 seconds.